 Dungeon Crawl Stone Soup version 0.31-a0-175-g9f7f995f2b (webtiles) character file.

Game seed: 7466457270868295780

23 qw the Shooter (level 2, 0/17 HPs)
             Began as a Gargoyle Hunter on June 16, 2023.
             Slain by a kobold
             ... wielding a +0 whip
              (3 damage)
             ... on level 2 of the Dungeon.
             The game lasted 00:00:15 (887 turns).

qw the Shooter (Gargoyle Hunter)                     Turns: 887, Time: 00:00:15

Health: 0/17       AC:  5    Str: 14    XL:     2   Next: 95%
Magic:  2/2        EV: 11    Int:  9    God:
Gold:   45         SH:  0    Dex: 13    Spells: 1/1 levels left

rFire   . . .        Y - +0 shortbow
rCold   . . .        (shield currently unavailable)
rNeg    + . .        c - +0 leather armour
rPois   inf          (no helmet)
rElec   +            (no cloak)
rCorr   .            (no gloves)
SInv    .            (no boots)
Will    .....        (no amulet)
Stlth   +            (no ring)
HPRegen 0.22/turn    (no ring)
MPRegen 0.08/turn

%: no passive effects
@: no status effects
A: sickness immunity, AC +2, negative energy resistance 1, electricity
resistance, torment resistance 1, petrification resistance
a: no special abilities


You were on level 2 of the Dungeon.
You visited 1 branch of the dungeon, and saw 2 of its levels.

You collected 45 gold pieces.


Innate Abilities, Weirdness & Mutations

You are immune to sickness and miasma.
Your stone body is resilient. (AC +2)
You are immune to poison.
You resist negative energy. (rN+)
You are resistant to electric shocks. (rElec)
You are resistant to unholy torment.
You are immune to petrification.


   Skills:
 - Level 2.1 Fighting
 + Level 4.8 Ranged Weapons
 - Level 1.5 Dodging
 - Level 1.1 Stealth


You had one spell level left.
You didn't know any spells.
Your spell library was empty.

Inventory:

Hand Weapons
 Y - a +0 shortbow (weapon)
Armour
 c - a +0 leather armour (worn)
Scrolls
 h - a scroll of identify
Potions
 a - a potion of heal wounds {unknown}
 d - a potion of cancellation {unknown}
 e - a potion of curing
 f - a potion of lignification {unknown}

Dungeon Overview and Level Annotations

Branches:
Dungeon (2/15)

Altars:


Message History

You shoot an arrow. The arrow hits the kobold.
The kobold is heavily wounded.
The kobold closely misses you.
You shoot an arrow. The arrow closely misses the kobold.
The arrow hits the adder.
The adder is lightly wounded.
The kobold misses you.
You shoot an arrow. The arrow barely misses the kobold.
The arrow hits the adder!
The adder is severely wounded.
You shoot an arrow. The arrow closely misses the adder.
The arrow misses the kobold.
The arrow closely misses the kobold.
The adder bites you but does no damage. The adder bites you.
You shoot an arrow. The arrow hits the adder.
The adder is almost dead.
The adder bites you. The kobold barely misses you.
You shoot an arrow. The arrow closely misses the adder.
The arrow barely misses the kobold.
The adder bites you. The kobold barely misses you.
You shoot an arrow. The arrow barely misses the adder.
The adder bites you but does no damage. The adder barely misses you.
The kobold hits you with a +0 short sword.
You shoot an arrow. The arrow misses the adder.
The adder bites you but does no damage.
A bat comes into view.
The kobold hits you with a +0 short sword.
You shoot an arrow. The arrow hits the adder.
You kill the adder!
The kobold hits you but does no damage. The kobold barely misses you.
The kobold hits you but does no damage.
You shoot an arrow. The arrow hits the kobold.
The kobold is moderately wounded.
The kobold closely misses you. The kobold barely misses you. x2
The bat barely misses you.
You shoot an arrow. The arrow closely misses the kobold.
The bat closely misses you. The kobold hits you with a +0 club.
The kobold hits you but does no damage. The kobold barely misses you.
The kobold hits you but does no damage. The kobold barely misses you.
The kobold hits you with a +0 whip.
You die...

#......##.#
####..#.#.##.#
#...%<.....#.# #
#.###..#...#.####.#
# #........#......#
#.#....#.#..#####
#...........#
#.#..###.##.#
#.#...K@..b.#
#.##..KK.####
#<..###.... ..#.
#...... ...
#........ #?.....?.
#........ #........


You could see a bat and 3 kobolds.

Vanquished Creatures
  An adder (D:2)
  A dart slug (D:1)
  An endoplasm (D:1)
  A giant cockroach (D:1)
  2 goblins (D:1)
  A hobgoblin (D:1)
  2 quokkas
  A frilled lizard (D:1)
  A kobold (D:1)
11 creatures vanquished.

Notes
Turn   | Place    | Note
-------+----------+-------------------------------------------
     0 | D:1      | qw the Gargoyle Hunter began the quest for the Orb.
     0 | D:1      | Reached XP level 1. HP: 12/12 MP: 1/1
     0 | D:1      | 0 ||| qw: Version: 0.2-a-29-g511e9b1
     0 | D:1      | 0 ||| qw: Game counter: 5805
     0 | D:1      | 0 ||| qw: Always use a shield: true
     0 | D:1      | 0 ||| qw: God list: Okawaru
     0 | D:1      | 0 ||| qw: Allow faded altars: false
     0 | D:1      | 0 ||| qw: Do Orc after D:15 true
     0 | D:1      | 0 ||| qw: Do second Lair branch before Depths: true
     0 | D:1      | 0 ||| qw: Lair rune preference: random
     0 | D:1      | 0 ||| qw: Plans: Normal, Zot:1-4, Slime:5, God:TSO, Crypt,
                  | Tomb, Abyss, Pan, Hells, Win
     0 | D:1      | 0 ||| PLANNING D:1-11
   408 | D:1      | Reached XP level 2. HP: 17/17 MP: 2/2
   592 | D:1      | Found a faded altar of an unknown god.
   793 | D:1      | 793 ||| READING scroll labelled BIOMOETSEPPUC.
   794 | D:1      | 794 ||| READING 2 scrolls labelled XIAPIE BANLI.
   795 | D:1      | 795 ||| READING scroll labelled VYUCZI WISOUMN.
   809 | D:1      | 809 ||| DRINKING 2 fizzy green potions.
   810 | D:1      | 810 ||| DROPPING scroll of butterflies.
   884 | D:2      | HP: 4/17 [kobold/+0 short sword (3)]
   887 | D:2      | Slain by a kobold

Levels and vault maps discovered:
D:1:      reono_arrival_forest_river, layout_basic,
          ebering_ecumenical_altar_mist
D:2:      layout_basic, uniq_crazy_yiuf_cottage

Action                     || total
---------------------------++-------
   Fire: Shortbow          ||    50
    Use: Scroll            ||     3
         Potion            ||     1
 Armour: Leather armour    ||    11
  Dodge: Dodged            ||    16

Table legend:
 A = Non-vault XP
 B = Vault XP
 C = Vault XP percentage of total XP
 D = Non-vault monster count
 E = Vault monster count
 F = Vault count percentage of total count
                 A         B        C        D         E       F
            +---------+---------+-------+---------+---------+-------
      Total |      33 |       0 |   0.0 |      11 |       0 |   0.0
            +---------+---------+-------+---------+---------+-------
        D:1 |      18 |       0 |   0.0 |       9 |       0 |   0.0
        D:2 |      15 |       0 |   0.0 |       2 |       0 |   0.0
            +---------+---------+-------+---------+---------+-------
